 Dungeon Sprint DCSS version 0.21.1-1-g345015f (webtiles) character file.

600000 vatarom the Thaumaturge (level 11, -10/98 HPs)
             Began as a Demonspawn Warper on Apr 28, 2018.
             Was an Initiate of Makhleb.
             Mangled by a meat berserker
             ... wielding a +9 battleaxe
              (61 damage)
             ... in the Dungeon (Sprint VIII: "Arena of Blood").
             The game lasted 00:00:14 (6 turns).

vatarom the Thaumaturge (Demonspawn Warper)            Turns: 6, Time: 00:00:15

Health: -10/98     AC:  5    Str: 13    XL:     11   Next: 71%
Magic:  3/29       EV: 26    Int: 16    God:    Makhleb [......]
Gold:   0          SH:  0    Dex: 18    Spells: 39/39 levels left

rFire    . . .     SeeInvis .   l - +∞ Axe of Woe
rCold    . . .     Gourm    .   (shield currently unavailable)
rNeg     . . .     Faith    .   b - +0 leather armour
rPois    .         Spirit   .   (no helmet)
rElec    .         Reflect  .   (no cloak)
rCorr    .         Harm     .   (no gloves)
MR       .....     NoTele   +   (no boots)
Stlth    ++........             (no amulet)
HPRegen  0.26/turn              (no ring)
MPRegen  0.21/turn              (no ring)

@: agile
A: talons 2, thin metallic scales 1, powered by pain 1, spiny 2
a: Renounce Religion


You were in the Dungeon.
You worshipped Makhleb.
Makhleb was noncommittal.
You were not hungry.

You visited 1 branch

Inventory:

Hand Weapons
 a - a +0 hand axe
 l - the +∞ Axe of Woe (weapon)
   (You found it in the Dungeon)
Missiles
 e - 5 tomahawks of dispersal (quivered)
Armour
 b - a +0 leather armour (worn)
Scrolls
 d - 2 scrolls of blinking
Potions
 g - a potion of curing
 h - a potion of heal wounds
 i - a potion of haste
 j - 2 potions of magic
 k - a potion of berserk rage
Books
 c - a book of Spatial Translocations

   Spells                             Type                      Level
   a - Blink                          Translocation                2
   b - Shroud of Golubria             Charms/Translocation         2
   c - Lesser Beckoning               Translocation                3
   d - Gell's Gravitas                Translocation                3
   e - Teleport Other                 Translocation                3
   f - Passage of Golubria            Translocation                4
Comestibles
 f - a ration


   Skills:
 + Level 13.3 Fighting
 + Level 13.3 Axes
 + Level 4.8 Throwing
 + Level 4.8 Armour
 + Level 12.6 Dodging
 + Level 14.5 Spellcasting
   Level 2.6 Translocations


You had 39 spell levels left.
You didn't know any spells.

Dungeon Overview and Level Annotations

Branches:
Dungeon (1/1)

Altars:
Makhleb


Innate Abilities, Weirdness & Mutations

You have razor-sharp toenails.
You are partially covered in thin metallic scales. (AC +2)
You sometimes gain a little power by taking damage.
You are mostly covered in sharp spines.


Message History

You feel stronger.
Your demonic ancestry asserts itself...
Sharp spines emerge from more of your body.
You have reached level 10!
Your demonic ancestry asserts itself...
Your toenails lengthen and sharpen.
You have reached level 11!
Your demonic ancestry asserts itself...
You feel energised by your suffering.
You hear a shout! x5
The meat berserker is struck by your spines.
The meat berserker hits you with a +9 battleaxe.
You hear a shout! x4
The meat berserker hits you with a +9 battleaxe!!!
You focus on the pain.
You feel agile all of a sudden.
You hear a shout!
The meat berserker is struck by your spines.
The meat berserker hits you with a +9 battleaxe!!!
Ouch! That really hurt!
You die...

#.. ..# #.. ..#
.###.. ..###.
......###......
....._.....
#.....# .
#_.<._# .
....#...O.#....
.......@O......
....o.###......
.###.. ..###.
#.. ..# #. .#
.. .o .. ..


You could see 2 meat berserkers and a bag of meat.

Vanquished Creatures
  An orc (D)
1 creature vanquished.

Notes
Turn   | Place    | Note
-------+----------+-------------------------------------------
     0 | D        | Found the +∞ Axe of Woe
     0 | D        | vatarom the Demonspawn Warper began the quest for the Orb.
     0 | D        | Reached XP level 1. HP: 16/16 MP: 3/3
     2 | D        | Noticed a bag of meat
     3 | D        | Noticed a bag of meat
     3 | D        | Became a worshipper of Makhleb the Destroyer
     4 | D        | Noticed a bag of meat
     4 | D        | Noticed a meat berserker
     4 | D        | Noticed a meat berserker
     6 | D        | Killed a bag of meat
     6 | D        | Reached skill level 14 in Spellcasting
     6 | D        | Gained mutation: You have sharp toenails. [demonic ancestry]
     6 | D        | Reached XP level 2. HP: 40/40 MP: 3/17
     6 | D        | Gained mutation: You are partially covered in sharp spines. [demonic ancestry]
     6 | D        | Reached XP level 3. HP: 46/46 MP: 3/19
     6 | D        | Reached XP level 4. HP: 53/53 MP: 3/20
     6 | D        | Reached XP level 5. HP: 59/59 MP: 3/22
     6 | D        | Reached XP level 6. HP: 66/66 MP: 3/23
     6 | D        | Gained mutation: You are partially covered in thin metallic scales. (AC +2) [demonic ancestry]
     6 | D        | Reached XP level 7. HP: 72/72 MP: 3/25
     6 | D        | Reached XP level 8. HP: 79/79 MP: 3/26
     6 | D        | Gained mutation: You are mostly covered in sharp spines. [demonic ancestry]
     6 | D        | Reached XP level 9. HP: 85/85 MP: 3/27
     6 | D        | Gained mutation: You have razor-sharp toenails. [demonic ancestry]
     6 | D        | Reached XP level 10. HP: 92/92 MP: 3/28
     6 | D        | Gained mutation: You sometimes gain a little power by taking damage. [demonic ancestry]
     6 | D        | Reached XP level 11. HP: 98/98 MP: 3/29
     6 | D        | Mangled by a meat berserker

Skill      XL: |  1 |
---------------+----+-----
Fighting       | 13 | 13.3
Axes           | 13 | 13.3
Throwing       | 4 |  4.8
Armour         | 4 |  4.8
Dodging        | 12 | 12.6
Spellcasting   | 14 | 14.5
Translocations | |  2.6

Action                   |  1- 3 |  4- 6 |  7- 9 | 10-12 || total
-------------------------+-------+-------+-------+-------++-------
Melee: Executioner's axe |     1 |       |       |       ||     1
